 Dungeon Crawl Stone Soup version 0.32-a0-136-gc02482b (webtiles) character file.

Game seed: 7657224124450298436

70 jagoly the Ruffian (level 4, -12/32 HPs)
             Began as a Djinni Shapeshifter on Feb 10, 2024.
             Killed from afar by Ijyb (17 damage)
             ... with a bolt of acid
             ... on level 3 of the Dungeon.
             The game lasted 00:05:41 (1740 turns).

jagoly the Ruffian (Djinni Shapeshifter)            Turns: 1740, Time: 00:05:41

Health: -12/32     AC:  2    Str: 15    XL:     4   Next: 45%
Gold:   138        EV: 12    Int: 18    God:
                   SH:  0    Dex: 12

rFire   + +          .
                       - Unarmed
rCold   x . .        (no shield)
rNeg    . . .        a - +0 animal skin
rPois   ∞            (helmet currently unavailable)
rElec   .            (cloak currently unavailable)
rCorr   .            (gloves currently unavailable)
SInv    .            (boots unavailable)
Will    .....        (no amulet)
Stlth   +            i - +6 ring of intelligence
HPRegen 0.25/turn    (no ring)
MPRegen 0.00/turn

%: infuse magic (-13 HP)
@: beast-form, flying
A: beast (slay +1), flying, sickness immunity, fire resistance 2, cold
vulnerability 1, float, innate caster, HP casting, extra vitality 1
a: Begin Untransformation


You were on level 3 of the Dungeon.
You were a hulking beast.
You visited 1 branch of the dungeon, and saw 3 of its levels.

You collected 138 gold pieces.

Inventory:

Missiles
 g - 17 stones (quivered)
 m - 2 poisoned darts
 q - 5 boomerangs
Armour
 a - a +0 animal skin (worn)
 e - a +0 buckler
Jewellery
 i - a +6 ring of intelligence (left hand)
Talismans
 c - a beast talisman
 d - a flux talisman
Scrolls
 f - a scroll of enchant armour {unknown}
 j - 2 scrolls of identify {unknown}
 n - a scroll of brand weapon {unknown}
 o - 2 scrolls of enchant weapon {unknown}
 p - a scroll of amnesia {unknown}
Potions
 b - a potion of lignification
 h - a potion of curing {unknown}
 k - 2 potions of ambrosia {unknown}
 l - a potion of heal wounds {unknown}


   Skills:
 - Level 1.0 Fighting
 - Level 2.1 Dodging
 * Level 4.3 Unarmed Combat
 + Level 3.2 Shapeshifting


You knew the following spells:

 Your Spells              Type           Power      Damage    Failure   Level
a - Summon Small Mammal   Summ           0%         N/A       22%         1
Your spell library was empty.

Dungeon Overview and Level Annotations

Branches:
Dungeon (3/15) Zot: 16267

Altars:

Annotations:
D:3 Ijyb


Innate Abilities, Weirdness & Mutations

You are a hulking beast.
Your limbs bulge with bestial killing power. (Slay +1)
You are flying.
You are immune to sickness and miasma.
You are immune to poison.
Your flesh is very heat resistant. (rF++)
You are vulnerable to cold. (rC-)
You float through the air rather than walking.
You learn spells naturally, not from books.
Your magical power is your life essence.
You have superior vitality. (+4 MHP)


Message History

You now have 14 gold pieces (gained 6).
Found 7 stones.
You see here 7 stones.
g - 7 stones A quokka comes into view.
You hit the quokka.
The quokka is severely wounded.
The quokka misses you. The quokka bites you.
You hit the quokka.
You kill the quokka!
HP restored.
A ball python, a giant cockroach and 2 rats come into view.
The rat squeaks loudly.
You hear a shout!
The rat moves out of view. x2
You hear a loud squeak.
The ball python hisses angrily.
A hobgoblin and a goblin come into view.
The hobgoblin shouts!
The goblin shouts!
The ball python attacks as it pursues you!
The ball python bites you but does no damage.
The ball python misses you. The ball python barely misses you.
The ball python misses you.
Okay, then.
You punch the ball python!
You kill the ball python!
You closely miss the goblin. The goblin barely misses you.
The rat twitches its whiskers.
You hit the goblin.
You kill the goblin!
You hit the rat.
You kill the rat!
You are a hulking beast.
You are flying.
Your flying speed is average.
Your attack delay is about 0.9.
Your damage rating with unarmed combat is about 7 (Base [3 + 3 (UC)] x 107% (Str) x 101% (Fight) + 1 (Slay)).
Unknown command.
You hit the rat but do no damage. The rat misses you.
You barely miss the rat. The rat bites you.
You closely miss the rat. The rat closely misses you.
You hit the rat.
You kill the rat!
You closely miss the giant cockroach. The giant cockroach bites you.
You hit the giant cockroach.
The giant cockroach is moderately wounded.
The giant cockroach closely misses you.
The giant cockroach bites you but does no damage.
You closely miss the giant cockroach.
The giant cockroach is moderately wounded.
The giant cockroach bites you but does no damage.
You closely miss the giant cockroach.
The giant cockroach is moderately wounded.
The giant cockroach bites you.
You hit the giant cockroach but do no damage.
The giant cockroach is moderately wounded.
The giant cockroach closely misses you.
You hit the giant cockroach. Your punch misses the giant cockroach.
The giant cockroach is almost dead.
The giant cockroach bites you.
You hit the giant cockroach.
You kill the giant cockroach!
You hit the hobgoblin.
The hobgoblin is severely wounded.
The hobgoblin barely misses you.
You barely miss the hobgoblin.
The hobgoblin is severely wounded.
The hobgoblin hits you.
You hit the hobgoblin but do no damage.
The hobgoblin is severely wounded.
The hobgoblin hits you.
* * * LOW HITPOINT WARNING * * *
You are too injured to fight recklessly!
Attack: -) Nothing wielded
Press: ? - help, Dir - move target, f - hobgoblin
Aim: a hobgoblin (severely wounded, about 36% to evade your hands)
You hit the hobgoblin.
You kill the hobgoblin!
You have reached level 2!
You start resting.
You start resting.
HP restored.
Found a leather armour.
A bat comes into view.
Found 5 gold pieces.
A bat is nearby!
You hit the bat.
You kill the bat!
A bat comes into view.
You see here a bat corpse.
Found 11 gold pieces.
The bat hits you but does no damage. The bat hits you.
Unknown command.
You miss the bat. The bat hits you but does no damage.
The bat hits you but does no damage. The bat misses you.
The bat closely misses you.
You barely miss the bat. The bat hits you but does no damage.
You closely miss the bat. The bat hits you but does no damage.
The bat hits you but does no damage.
You hit the bat.
You kill the bat!
No target in view!
No target in view!
A quokka comes into view.
You see here 11 gold pieces.
You now have 25 gold pieces (gained 11).
The quokka barely misses you.
You hit the quokka.
You kill the quokka!
You now have 30 gold pieces (gained 5).
You see here a quokka corpse.
A ball python comes into view.
Okay, then.
A ball python is nearby!
Okay, then.
Unknown command.
The helpless ball python fails to defend itself.
You hit the ball python.
The ball python is moderately wounded.
The ball python bites you but does no damage.
The ball python barely misses you.
You hit the ball python.
You kill the ball python!
No target in view!
No target in view!
An endoplasm comes into view.
The endoplasm quivers.
You hit the endoplasm.
You kill the endoplasm!
A giant cockroach comes into view.
Found a white potion and a silver ring.
The helpless giant cockroach fails to defend itself.
You hit the giant cockroach.
The giant cockroach is moderately wounded.
The giant cockroach bites you but does no damage.
You barely miss the giant cockroach.
The giant cockroach is moderately wounded.
The giant cockroach completely misses you.
You hit the giant cockroach.
The giant cockroach is severely wounded.
The giant cockroach misses you.
You hit the giant cockroach.
You kill the giant cockroach!
No target in view!
You see here a giant cockroach corpse.
h - a white potion
i - a +6 ring of intelligence You feel clever.
i - a +6 ring of intelligence (left hand)
A ball python comes into view.
The helpless ball python fails to defend itself.
You hit the ball python. You punch the ball python.
You kill the ball python!
No target in view!
Found a spear.
You now have 48 gold pieces (gained 18).
Found a book of Debilitation.
g - 13 stones (gained 6)
A quokka comes into view.
You closely miss the quokka. The quokka barely misses you.
You hit the quokka.
The quokka is almost dead.
The quokka closely misses you.
You hit the quokka.
You kill the quokka!
No target in view!
Key pressed, stopping explore.
Key pressed, stopping explore.
You see here a +0 spear.
Key pressed, stopping explore.
j - a scroll labelled EQIZXU XELUING A rat comes into view.
A rat is nearby!
You barely miss the rat. The rat bites you.
You hit the rat.
You kill the rat!
No target in view!
HP restored.
You now have 53 gold pieces (gained 5).
k - 2 glowing puce potions A goblin comes into view.
It is wielding a +0 dagger.
The goblin shouts!
The goblin hits you with a +0 dagger.
You punch the goblin!
You kill the goblin!
No target in view!
No target in view!
A frilled lizard comes into view.
Found 15 gold pieces.
Found a stone staircase leading down.
The frilled lizard hisses angrily.
The frilled lizard closely misses you.
You miss the frilled lizard.
The frilled lizard bites you but does no damage.
You punch the frilled lizard!
You kill the frilled lizard!
No target in view!
l - a black potion
There is a stone staircase leading down here.
You now have 68 gold pieces (gained 15).
Found 2 poisoned darts.
Found a robe.
Unknown command.
You see here 2 poisoned darts.
m - 2 poisoned darts You now have 76 gold pieces (gained 8).
You reach down and open the door.
A hobgoblin comes into view.
The hobgoblin shouts!
An endoplasm comes into view.
There is an open door here.
Found 5 gold pieces.
The endoplasm quivers.
You barely miss the hobgoblin. The hobgoblin barely misses you.
You closely miss the hobgoblin. The hobgoblin closely misses you.
You closely miss the hobgoblin. The hobgoblin barely misses you.
There is an open door here.
The endoplasm attacks as it pursues you!
The endoplasm hits you.
You hit the endoplasm.
The endoplasm is almost dead.
The endoplasm freezes you.
You are frozen.
You feel a terrible chill!
You hit the endoplasm.
You kill the endoplasm!
Your Shapeshifting skill increases to level 3!
You have reached level 3!
Your experience leads to an increase in your attributes!
Your base attributes are Str 13, Int 11, Dex 12.
Increase (S)trength, (I)ntelligence, or (D)exterity?
You feel stronger. x2
The power to cast Summon Small Mammal wells up from within.
Spell assigned to 'a'.
You hit the hobgoblin.
The hobgoblin is almost dead.
The hobgoblin barely misses you.
You closely miss the hobgoblin.
The hobgoblin is almost dead.
You punch the hobgoblin!
You kill the hobgoblin!
No target in view!
HP restored.
You see here a hobgoblin corpse.
There is an open door here.
You now have 81 gold pieces (gained 5).
Found a stone staircase leading down.
There is a stone staircase leading down here.
You see here a +1 whip of freezing.
There is a stone staircase leading down here.
Found a stone staircase leading down.
There is a stone staircase leading down here.
Done exploring.
Done exploring.
There is a stone staircase leading down here.
You fly downwards.
Found a scroll labelled EQIZXU XELUING.
There is a stone staircase leading up here.
Found a stone staircase leading up.
j - 2 scrolls labelled EQIZXU XELUING (gained 1)
n - a scroll labelled FIRAZO ZO LIO A bat comes into view.
The helpless bat fails to defend itself.
You punch the bat!
You kill the bat!
No target in view!
You now have 94 gold pieces (gained 13).
Found an escape hatch in the ceiling.
You now have 107 gold pieces (gained 13).
You now have 118 gold pieces (gained 11).
There is a stone staircase leading up here.
Found a stone staircase leading down.
You now have 124 gold pieces (gained 6).
Found a stone staircase leading up.
There is a stone staircase leading up here.
There is a stone staircase leading up here.
A kobold comes into view.
It is wielding a +1 dagger of holy wrath.
The kobold shouts!
The kobold throws a stone.
The stone misses you. The kobold closely misses you.
You hit the kobold.
The kobold is severely wounded.
The kobold barely misses you.
You hit the kobold.
You kill the kobold!
No target in view!
You are a hulking beast.
You are flying.
Your flying speed is average.
Your attack delay is about 0.9.
Your damage rating with unarmed combat is about 7 (Base [3 + 3 (UC)] x 112% (Str) x 101% (Fight) + 1 (Slay)).
Your base attributes are Str 15, Int 11, Dex 12.
Unknown command.
g - 15 stones (gained 2)
Things that are here:
a +1 dagger of holy wrath; a kobold corpse A kobold comes into view.
It is wielding a +0 club.
The kobold closely misses you.
You hit the kobold.
The kobold is severely wounded.
The kobold hits you with a +0 club.
You hit the kobold.
You kill the kobold!
No target in view!
g - 17 stones (gained 2)
You see here a +0 club.
An adder comes into view.
The adder hisses angrily.
The adder bites you.
You see here a +0 club.
You hit the adder but do no damage. The adder bites you.
You barely miss the adder. The adder bites you.
The adder completely misses you.
You hit the adder.
The adder is heavily wounded.
The adder bites you.
You closely miss the adder.
The adder is heavily wounded.
The adder bites you but does no damage.
You punch the adder!
You kill the adder!
HP restored.
You see here an adder corpse.
A bat comes into view.
A bat is nearby!
The bat hits you but does no damage.
Found 13 gold pieces.
The bat hits you.
You closely miss the bat. The bat barely misses you.
The bat hits you but does no damage.
You barely miss the bat. The bat barely misses you.
The bat hits you but does no damage.
You closely miss the bat. The bat hits you but does no damage.
The bat barely misses you.
You closely miss the bat. The bat closely misses you.
The bat hits you but does no damage. x2
You barely miss the bat. The bat misses you. The bat hits you. x2
You hit the bat.
The bat is heavily wounded.
The bat hits you but does no damage.
You hit the bat but do no damage. Your punch misses the bat.
The bat is heavily wounded.
The bat barely misses you. The bat hits you but does no damage.
You completely miss the bat.
The bat is moderately wounded.
The bat misses you. The bat hits you but does no damage.
The bat closely misses you.
You punch the bat!
You kill the bat!
No target in view!
No target in view!
You now have 137 gold pieces (gained 13).
A malevolent force fills the Dungeon... and a teleportation trap spontaneously manifests!
You are yanked towards a nearby monster!
Your surroundings suddenly seem different.
A ball python comes into view.
The ball python hisses angrily.
You barely miss the ball python. The ball python closely misses you.
The ball python misses you.
You hit the ball python.
You kill the ball python!
No target in view!
Found a stone staircase leading down.
There is a stone staircase leading down here.
Found a stone staircase leading down.
You reach down and open the door.
Found a faded altar of an unknown god.
Key pressed, stopping explore.
Unknown command.
There is an open door here.
There is a faded altar of an unknown god here.
This altar belongs to (a) Makhleb, (b) Dithmenos or (c) Xom, but you can't tell which.
Press the corresponding letter to learn more about a god, or press enter to convert or escape to cancel.
Okay, then.
There is an open door here.
o - a scroll labelled HIMUCIFADI
Found an escape hatch in the floor.
p - a scroll labelled OXEEDO QASE
There is an escape hatch in the floor here.
There is an escape hatch in the floor here.
A kobold comes into view. It is wielding a +0 whip.
A ball python comes into view.
The kobold shouts!
The ball python moves out of view.
You hit the kobold.
You kill the kobold!
No target in view!
You see here a +0 whip.
A ball python is nearby!
The ball python hisses angrily.
The ball python bites you. The ball python grabs you.
The ball python constricts you.
You closely miss the ball python. The ball python bites you.
The ball python constricts you.
You barely miss the ball python. The ball python barely misses you.
The ball python constricts you.
You barely miss the ball python. The ball python bites you.
The ball python constricts you.
You hit the ball python.
The ball python is severely wounded.
The ball python bites you but does no damage.
The ball python constricts you. The ball python bites you.
The ball python constricts you.
You punch the ball python!
You kill the ball python!
Your Unarmed Combat skill increases to level 4!
No target in view!
No target in view!
You see here a ball python corpse.
A hobgoblin comes into view.
The hobgoblin shouts!
You punch the hobgoblin!
You kill the hobgoblin!
No target in view!
You see here a hobgoblin corpse.
Done exploring.
Done exploring.
There is a stone staircase leading down here.
You fly downwards.
There is a stone staircase leading up here.
Found a stone staircase leading down.
o - 2 scrolls labelled HIMUCIFADI (gained 1)
A rat comes into view.
A rat is nearby!
Found 5 boomerangs.
You see here a gold piece.
You barely miss the rat. You punch the rat.
You kill the rat!
No target in view!
You now have 138 gold pieces (gained 1).
You see here a rat corpse.
Key pressed, stopping explore.
No target in view!
You see here 5 boomerangs.
q - 5 boomerangs You reach down and open the door.
There is an open door here.
Found a stone staircase leading up.
Ijyb the Inquisitive comes into view.
She is wielding a +0 dagger and carrying a wand of acid.
Ijyb is nearby!
Press: ? - help, v - describe, . - travel
Here: Ijyb, wielding a +0 dagger, wearing a +0 chain mail and carrying a wand of acid (asleep)
The floor.
Placed new exclusion.
A hound comes into view.
The hound barks!
You hear a shout!
A kobold comes into view. It is wielding a +0 short sword.
You hit the hound.
The hound is moderately wounded.
The hound closely misses you.
You hit the hound.
The hound is heavily wounded.
The hound misses you. The hound barely misses you.
You hit the hound.
The hound is severely wounded.
The hound closely misses you.
You closely miss the hound.
The hound is severely wounded.
The hound bites you. x2
You hit the hound.
You kill the hound!
You have reached level 4!
You feel clever.
The kobold hits you with a +0 short sword.
You see here a hound corpse.
You hit the kobold.
The kobold is moderately wounded.
The kobold hits you with a +0 short sword.
You punch the kobold!
You kill the kobold!
No target in view!
Ijyb is nearby!
You catch the helpless Ijyb completely off-guard!
You hit Ijyb but do no damage. Ijyb hits you with a +0 dagger.
You hit Ijyb.
Ijyb is moderately wounded.
Ijyb zaps a wand.
The bolt of acid hits you!!
Ouch! That really hurt!
* * * LOW HITPOINT WARNING * * *
Attack: -) Nothing wielded
Press: ? - help, Dir - move target, f - Ijyb
Aim: Ijyb, wielding a +0 dagger, wearing a +0 chain mail and carrying a wand of acid (moderately wounded, about 35% to evade your hands)
You closely miss Ijyb.
Ijyb is moderately wounded.
Ijyb hits you with a +0 dagger.
* * * LOW HITPOINT WARNING * * *
Attack: -) Nothing wielded
Press: ? - help, Dir - move target, f/p - Ijyb
Aim: Ijyb, wielding a +0 dagger, wearing a +0 chain mail and carrying a wand of acid (moderately wounded, about 35% to evade your hands)
You closely miss Ijyb.
Ijyb is moderately wounded.
Ijyb hits you with a +0 dagger.
* * * LOW HITPOINT WARNING * * *
Attack: -) Nothing wielded
Press: ? - help, Dir - move target, f/p - Ijyb
Aim: Ijyb, wielding a +0 dagger, wearing a +0 chain mail and carrying a wand of acid (moderately wounded, about 35% to evade your hands)
You hit Ijyb but do no damage.
Ijyb is moderately wounded.
Okay, then.
Attack: -) Nothing wielded
Press: ? - help, Dir - move target, f/p - Ijyb
Aim: Ijyb, wielding a +0 dagger, wearing a +0 chain mail and carrying a wand of acid (moderately wounded, about 35% to evade your hands)
You hit Ijyb but do no damage.
Ijyb is moderately wounded.
Ijyb zaps a wand.
The bolt of acid hits you!
Ouch! That really hurt!
You die...
Ijyb screams, "Good help so hard to find!"

..... .# ....#.#.# ...#.#.# #
###..#.#.## .. ......#.##...
### #####......#.... ..#
................##.###.#
......)h................
########g##..#####.###
#.........#..........# .#
#.#########...####.#.#
g...###...#..............#.#
#......#.#.#####.######.#.# .
#..$.#....<...............#..
#.##..#..#######.............
# ##........................


You could see Ijyb.

Vanquished Creatures
  A hound (D:3)
  An adder (D:2)
  4 bats
  2 endoplasms (D:1)
  2 giant cockroaches (D:1)
  3 hobgoblins
  4 kobolds
  3 quokkas (D:1)
  5 ball pythons
  A frilled lizard (D:1)
  2 goblins (D:1)
  4 rats
32 creatures vanquished.

Notes
Turn   | Place    | Note
-------+----------+-------------------------------------------
     0 | D:1      | jagoly the Djinni Shapeshifter began the quest for the Orb.
     0 | D:1      | Reached XP level 1. HP: 17/17 MP: 0/0
   111 | D:1      | Reached XP level 2. HP: 10/22 MP: 0/0
   650 | D:1      | Reached XP level 3. HP: 21/27 MP: 0/0
   650 | D:1      | Learned a level 1 spell: Summon Small Mammal
  1347 | D:2      | Found a faded altar of an unknown god.
  1494 | D:2      | Reached skill level 4 in Unarmed Combat
  1700 | D:3      | Noticed Ijyb
  1722 | D:3      | Reached XP level 4. HP: 28/32 MP: 0/0
  1740 | D:3      | Killed from afar by Ijyb

Illustrated notes

Levels and vault maps discovered:
D:1:      beargit_arrival_greenhouse, layout_basic, st_stairs_6
D:2:      layout_loops_ring, dreamdust_ecumenical_altar_angels_and_demons
D:3:      layout_basic, tso_metal_star, mainiacjoe_overflow_24_doors, uniq_ijyb,
          uniq_terence, uniq_natasha, uniq_sigmund

Skill      XL: |  1  2  3 |
---------------+----------+-----
Shapeshifting  | 3 |  3.2
Unarmed Combat | 4 |  4.3
Fighting       | |  1.0
Dodging        | |  2.1

Action                     |  1- 3 |  4- 6 || total
---------------------------+-------+-------++-------
  Melee: Unarmed           |    85 |     8 ||    93
         Punch             |     2 |       ||     2
   Stab: Sleeping          |     4 |       ||     4
         Distracted        |       |     1 ||     1
 Armour: Animal skin       |    48 |     7 ||    55
  Dodge: Dodged            |    43 |       ||    43

Table legend: (Time is in decaauts)
 A = Elapsed time spent in this place.
 B = Non-inter-level travel time spent in this place.
 C = Inter-level travel time spent in this place.
 D = Time resting spent in this place.
 E = Time spent auto-exploring this place.
 F = Levels seen in this place.
 G = Mean time per level.
                   A        B        C        D        E       F      G
               +--------+--------+--------+--------+--------+-----+--------+
         Total |   1731 |   1691 |     40 |     36 |   1351 |   3 |  577.0 |
       Dungeon |   1731 |   1691 |     40 |     36 |   1351 |   3 |  577.0 |
               +--------+--------+--------+--------+--------+-----+--------+

Top non-repeatable levels by time:
     D:1: 932 daAuts
     D:2: 687 daAuts
     D:3: 111 daAuts
